Map: Acolyte LE

Players

ILOVEJJ

  • Race: Terran Terran
  • League: Master
  • Spawn Location: 7:00

NORTHAMERICA - Winner!

  • Race: Protoss Protoss
  • League: Grandmaster
  • Spawn Location: 1:00

VOD

Have the link to the VOD?

Description

Time

  • Played on: Sept. 19, 2017, 2:50 a.m.
  • Length: 24:08
Show
View Real Time Build Order
Export as new Build Order

ILOVEJJ Terran 

Build Orders: Reaper Expand, MMM Bio 

Get SALT Encoding   

  12  0:02  SCV  
  14  0:14  SCV  
  14  0:18  Supply Depot  
  14  0:26  SCV  
  15  0:40  SCV  
  15  0:41  Barracks  
  16  0:45  Refinery  
  16  0:52  SCV  
  17  1:04  SCV  
  18  1:16  SCV  
  19  1:28  Orbital Command  
  19  1:31  Reaper  
  20  1:40  Command Center  
  20  1:51  Barracks  
  20  1:55  SCV  
  21  2:02  Supply Depot  
  21  2:04  Barracks Reactor  
  21  2:07  SCV  
  22  2:12  Refinery  
  22  2:19  SCV  
  23  2:26  Factory  
  23  2:31  SCV  
  24  2:41  Marine, Barracks Tech Lab  
  24  2:42  Marine  
  24  2:43  SCV  
  27  2:58  Orbital Command  
  27  2:59  Marine x2, SCV  
  30  3:13  Stimpack  
  30  3:14  SCV  
  30  3:17  Marine  
  30  3:18  Marine  
  33  3:22  Starport  
  33  3:23  Factory Reactor  
  33  3:25  SCV  
  33  3:26  SCV  
  35  3:32  Marine  
  36  3:35  Marine  
  36  3:37  Supply Depot  
  36  3:38  SCV  
  36  3:39  SCV  
  36  3:40  Marine  
  40  3:51  SCV x2  
  40  3:52  Marine  
  40  3:53  Marine  
  43  4:03  SCV x2  
  43  4:05  Supply Depot, Marine  
  43  4:06  Medivac  
  43  4:07  Medivac  
  50  4:14  Factory Reactor  
  50  4:15  Barracks, SCV x2  
  52  4:19  Marine  
  52  4:20  Marine  
  54  4:26  Marine  
  54  4:27  Engineering Bay, SCV  
  54  4:28  Supply Depot  
  54  4:29  SCV  
  57  4:37  Marine  
  57  4:38  Marine  
  59  4:39  SCV  
  59  4:42  SCV  
  59  4:44  Marine  
  62  4:51  SCV  
  63  4:53  Supply Depot, Terran Infantry Weapons Level 1  
  63  4:54  SCV  
  63  4:55  Marine  
  63  4:56  Marine  
  66  5:02  Factory Reactor  
  66  5:03  Marine  
  67  5:08  Marine x2  
  67  5:13  Marine  
  67  5:14  Marine  
  70  5:21  Medivac x2, Marine  
  68  5:26  Marine x2  
  70  5:31  Marine  
  70  5:33  Marine  
  72  5:39  Marine, Combat Shields  
  72  5:40  Widow Mine  
  75  5:42  Widow Mine  
  75  5:44  Marine, Command Center  
  75  5:45  Supply Depot  
  75  5:46  Supply Depot  
  78  6:07  Marine x3, SCV x2  
  78  6:09  Supply Depot  
  78  6:10  Supply Depot  
  85  6:14  Barracks, Medivac  
  85  6:16  Barracks  
  85  6:18  Marine x2  
  86  6:19  Medivac, SCV x2  
  86  6:23  Refinery x2  
  91  6:28  Marine x2  
  91  6:29  Widow Mine  
  91  6:31  Widow Mine, SCV x2  
  82  6:48  Marine x5  
  82  6:50  SCV x2  
  89  6:55  Viking x2  
  89  6:58  Orbital Command  
  93  7:03  SCV x2  
  93  7:04  Barracks Reactor, Barracks Tech Lab  
  93  7:06  Marine  
  96  7:16  SCV x2  
  96  7:22  Terran Infantry Armor Level 1, Starport  
  98  7:24  SCV  
  98  7:25  Marine x2  
  98  7:26  Marauder  
  98  7:28  SCV x2  
  105  7:30  Concussive Shells  
  105  7:34  Refinery x2  
  105  7:35  Supply Depot, Marine, Marauder  
  105  7:36  SCV  
  109  7:40  SCV  
  108  7:44  Marine  
  108  7:47  Marauder  
  111  7:51  Viking x2  
  111  7:53  SCV x3  
  111  7:58  Supply Depot, Marauder  
  120  8:01  Supply Depot  
  120  8:05  SCV x3  
  123  8:17  Marauder, Marine x2  
  123  8:18  Viking x2  
  123  8:19  Marauder  
  133  8:25  Viking x2  
  137  8:34  Marine x2  
  137  8:40  Marauder, Marine  
  142  8:42  Marine  
  142  8:45  Armory  
  142  8:46  Liberator x2  
  142  8:47  Engineering Bay  
  145  8:49  Liberator x2  
  145  9:02  Missile Turret  
  146  9:08  Marauder  
  157  9:10  Command Center  
  157  9:24  Supply Depot  
  157  9:26  Supply Depot  
  157  9:43  Marine x2  
  157  9:44  Marine x2  
  157  9:45  Marine x2  
  157  9:46  Marauder x2  
  157  9:51  Liberator x3  
  157  9:52  Liberator  
  132  10:01  Marine  
  129  10:07  Marauder, Marine x3  
  129  10:08  Marauder, Marine  
  129  10:09  Marine  
  143  10:19  Marine  
  140  10:25  Marine x2  
  128  10:29  Marauder x2, Marine x3  
  128  10:32  Barracks  
  128  10:35  Planetary Fortress, SCV x2  
  135  10:36  SCV  
  135  10:37  Marine  
  135  10:41  Terran Infantry Armor Level 2, Terran Infantry Weapons Level 2  
  139  10:43  Barracks x2  
  139  10:44  Barracks  
  139  10:46  Barracks  
  139  10:47  SCV  
  137  10:50  Marauder x2  
  137  10:53  Marine x2, Viking x2  
  137  10:54  Viking x2  
  137  10:55  Marine  
  137  10:56  Marine  
  153  11:05  Marine x2  
  155  11:12  Marauder x2, Marine x2  
  157  11:32  Marine x3  
  151  11:33  Marauder x2, Barracks Tech Lab x3  
  151  11:34  Barracks Tech Lab  
  151  11:35  Viking x2  
  151  11:38  Viking x2  
  151  11:39  Barracks Tech Lab  
  157  11:40  Marine  
  157  11:41  Marine  
  157  11:42  SCV x2  
  157  11:43  SCV  
  137  11:54  Marauder  
  137  11:55  Marauder  
  125  12:02  Marine  
  125  12:03  Marauder x2, Marine x5  
  125  12:07  Medivac x2  
  139  12:08  Medivac x2  
  139  12:13  Marine, Command Center  
  139  12:14  Marauder x2  
  148  12:20  Marauder, Marine  
  151  12:27  Liberator x2  
  151  12:28  Liberator x2  
  151  12:30  Marauder, Marine x4  
  151  12:31  Marauder  
  151  12:32  Marauder  
  151  12:35  Marauder  
  162  12:43  Marine  
  162  12:44  Marauder  
  177  12:51  SCV x3  
  177  12:52  SCV  
  181  13:09  Marauder, Marine x3  
  181  13:10  Marauder  
  188  13:21  Marine  
  188  13:25  Marauder x2, Marine x3  
  194  13:36  Liberator x2, Command Center  
  194  13:37  Liberator x2  
  194  13:38  Marauder, Marine  
  140  13:48  Marine  
  140  13:49  Marauder  
  140  13:54  Marine  
  140  13:55  Marauder x3, Marine x4  
  150  13:56  Marauder x2  
  153  14:05  SCV x2  
  153  14:06  Planetary Fortress  
  153  14:07  Marauder, Marine  
  158  14:10  Marauder  
  158  14:12  Marine  
  161  14:23  Marauder, Marine x2  
  161  14:24  Marauder x2, Marine x4  
  137  14:25  Marine  
  137  14:29  Marauder  
  137  14:30  Marine  
  143  14:32  Marauder  
  143  14:36  Viking x2  
  143  14:37  Viking  
  148  14:40  Marine  
  149  14:50  Marauder, Marine x2  
  149  14:51  Marauder  
  149  14:52  Marine  
  142  14:53  Marauder  
  142  14:55  Marine  
  142  14:56  Marauder  
  142  14:58  Marauder x2, Marine x2  
  142  14:59  Command Center  
  130  15:04  Marine  
  130  15:05  Medivac  
  130  15:06  Medivac x2  
  128  15:08  Marine  
  128  15:12  Marauder  
  106  15:25  Marauder, Marine  
  94  15:30  Marine  
  94  15:31  Marauder  
  94  15:35  Marauder, Marine x2  
  84  15:36  Marauder x3, Marine x3  
  84  15:37  Medivac  
  83  15:43  Marine  
  83  15:47  Marauder  
  83  15:48  Marine  
  83  15:52  Marauder, Marine  
  83  15:53  Marine  
  83  15:54  Marauder, Marine x2  
  86  16:04  Marine  
  86  16:05  Marauder  
  86  16:06  Marine x2  
  86  16:09  Marine  
  90  16:12  Marine  
  90  16:13  Marine x3  
  90  16:14  Orbital Command, SCV x2, Refinery  
  90  16:15  SCV  
  98  16:19  Orbital Command  
  97  16:28  Refinery  
  97  16:29  SCV x3  
  99  16:39  Marine  
  99  16:40  Marine x7  
  99  16:41  Marine  
  99  16:55  Marauder, Marine x2  
  99  16:56  Marauder  
  99  16:59  Marauder, Marine  
  107  17:03  Marine x2  
  101  17:18  Marine  
  101  17:19  Marauder  
  101  17:21  Marauder, Marine  
  102  17:24  Marauder, Marine  
  102  17:26  Marauder  
  94  17:31  Marauder  
  88  17:38  Marine x2  
  88  17:39  Marauder  
  92  17:48  Marauder, Marine  
  92  17:49  Orbital Command  
  92  17:50  Marauder  
  88  18:10  Marine x3  
  88  18:11  Marauder x2  
  88  18:12  Marauder x2, Marine  
  89  18:21  Marauder, Marine  
  89  18:22  Marauder  
  89  18:26  Marine x2  
  91  18:32  SCV x3  
  94  18:34  SCV  
  94  18:39  Marauder  
  97  18:43  Marine x3  
  100  18:56  Marine x2  
  100  18:57  Marauder x2, Marine  
  107  19:16  Marauder, Marine  
  110  19:23  Liberator  
  95  19:32  Marine  
  95  19:33  Marauder  
  92  19:39  Marauder, Marine x4  
  92  19:40  Marauder x3, Marine  
  92  19:41  Marauder, Marine  
  111  19:50  Marine  
  112  19:53  Marine  
  112  19:57  Marine x3  
  112  19:59  Marauder  
  107  20:11  Marauder, Marine  
  110  20:16  Marine  
  110  20:17  Marauder x3, Marine x3  
  110  20:18  Marine  
  117  20:27  Marine  
  117  20:28  Marauder  
  104  20:35  Liberator  
  102  20:48  Marine x4  
  102  20:49  Marauder x5, Marine x4  
  123  21:07  Marine x3  
  123  21:08  Marauder  
  118  21:13  SCV x3  
  121  21:22  Marine x2  
  121  21:23  Marauder x2, Medivac  
  129  21:28  Medivac  
  129  21:32  Orbital Command  
  131  21:35  Marine x4  
  131  21:36  Marauder  
  126  21:46  Marine  
  126  21:47  Marauder  
  104  21:57  Marine x2  
  92  22:11  Marine  
  90  22:25  Marine  
  86  22:38  Marine x2  
  86  22:43  SCV  
  89  22:54  Marine  
  89  22:55  Marine, SCV  
  86  23:12  Marine x2  
  79  23:22  SCV  
  79  23:26  Marine  
  81  23:34  SCV  
  61  23:45  Marine x2  
  61  23:47  SCV  
Show
View Real Time Build Order
Export as new Build Order

NORTHAMERICA Protoss - Winner!

Build Orders: 1 Gate Expand, Colossus Rush 

Get SALT Encoding   

  12  0:01  Probe (Chrono Boost)  
  13  0:11  Probe (Chrono Boost)  
  14  0:18  Pylon  
  14  0:22  Probe (Chrono Boost)  
  15  0:36  Probe (Chrono Boost)  
  15  0:38  Gateway  
  16  0:46  Probe (Chrono Boost)  
  16  0:47  Assimilator  
  17  0:57  Probe (Chrono Boost)  
  18  1:08  Probe (Chrono Boost)  
  19  1:21  Nexus  
  19  1:32  Cybernetics Core  
  19  1:36  Probe (Chrono Boost)  
  20  1:42  Assimilator  
  21  1:47  Probe (Chrono Boost)  
  21  1:52  Pylon  
  21  1:57  Probe (Chrono Boost)  
  22  2:08  Probe (Chrono Boost)  
  23  2:13  Adept  
  25  2:19  Mothership Core (Chrono Boost)  
  25  2:20  Warp Gate (Chrono Boost)  
  27  2:34  Probe (Chrono Boost)  
  28  2:37  Probe (Chrono Boost)  
  28  2:45  Probe (Chrono Boost), Robotics Facility  
  28  2:48  Probe (Chrono Boost)  
  30  2:55  Probe (Chrono Boost)  
  31  2:59  Probe (Chrono Boost)  
  31  3:06  Probe (Chrono Boost)  
  32  3:17  Probe (Chrono Boost)  
  33  3:23  Probe (Chrono Boost)  
  33  3:25  Gateway  
  34  3:28  Probe (Chrono Boost), Gateway  
  34  3:33  Probe (Chrono Boost)  
  36  3:36  Observer  
  36  3:38  Robotics Bay  
  36  3:40  Probe  
  38  3:44  Probe  
  39  3:52  Probe (Chrono Boost)  
  39  3:54  Pylon  
  39  3:56  Probe (Chrono Boost)  
  39  4:00  Assimilator  
  40  4:04  Probe (Chrono Boost), Observer, Assimilator  
  40  4:08  Probe (Chrono Boost)  
  43  4:12  Pylon  
  43  4:15  Probe (Chrono Boost)  
  44  4:18  Probe (Chrono Boost)  
  45  4:25  Probe (Chrono Boost)  
  45  4:27  Stalker  
  45  4:29  Probe (Chrono Boost)  
  49  4:34  Stalker  
  49  4:35  Stalker  
  49  4:36  Probe (Chrono Boost)  
  54  4:39  Probe (Chrono Boost)  
  54  4:42  Pylon  
  55  4:46  Probe (Chrono Boost)  
  55  4:49  Colossus (Chrono Boost)  
  62  4:58  Probe  
  62  4:59  Extended Thermal Lance (Chrono Boost)  
  62  5:04  Pylon  
  63  5:13  Stalker x2  
  67  5:15  Adept  
  67  5:19  Pylon  
  63  5:23  Mothership Core  
  63  5:28  Probe  
  63  5:31  Stalker  
  64  5:40  Probe  
  64  5:41  Colossus  
  64  5:42  Probe  
  72  5:51  Pylon  
  72  5:52  Probe  
  73  5:58  Probe  
  73  6:01  Gateway x2  
  74  6:09  Sentry  
  74  6:10  Forge  
  76  6:11  Forge  
  76  6:19  Stalker x2  
  76  6:22  Probe  
  81  6:31  Pylon  
  81  6:32  Pylon  
  81  6:38  Adept  
  81  6:42  Adept x2  
  75  6:48  Colossus  
  75  6:50  Probe  
  75  6:51  Protoss Ground Weapons Level 1 (Chrono Boost)  
  75  6:52  Probe, Protoss Ground Armor Level 1 (Chrono Boost)  
  83  7:01  Pylon  
  83  7:02  Probe  
  84  7:12  Nexus  
  84  7:15  Pylon  
  84  7:18  Sentry  
  84  7:20  Twilight Council  
  86  7:23  Probe  
  87  7:33  Photon Cannon  
  87  7:34  Stalker x3  
  93  7:37  Adept  
  93  7:43  Stalker  
  97  7:51  Probe, Disruptor  
  98  7:57  Probe, Blink  
  102  8:03  Probe  
  103  8:06  Gateway  
  103  8:10  Probe, Pylon x2  
  104  8:12  Adept  
  104  8:15  Probe  
  107  8:22  Probe  
  108  8:27  Disruptor (Chrono Boost)  
  108  8:32  Probe  
  110  8:35  Stalker x2  
  110  8:36  Stalker  
  110  8:39  Probe  
  117  8:41  Pylon  
  117  8:42  Zealot  
  117  8:43  Zealot  
  117  8:46  Probe  
  122  8:50  Assimilator  
  122  8:54  Assimilator  
  122  8:56  Pylon  
  122  8:59  Disruptor (Chrono Boost)  
  125  9:04  Protoss Ground Armor Level 2 (Chrono Boost), Protoss Ground Weapons Level 2 (Chrono Boost)  
  125  9:13  Probe  
  125  9:14  Zealot x2  
  130  9:23  Stalker x4  
  138  9:33  Disruptor  
  138  9:34  Photon Cannon  
  138  9:38  Stalker x2  
  137  9:50  Adept  
  137  9:51  Adept x3  
  101  10:18  Stalker x2  
  101  10:19  Stalker x4  
  109  10:21  Disruptor  
  109  10:31  Probe  
  109  10:32  Probe  
  111  10:41  Probe  
  111  10:47  Probe  
  111  10:48  Probe  
  114  10:53  Stalker x3  
  120  10:57  Disruptor (Chrono Boost)  
  120  11:03  Photon Cannon  
  123  11:05  Stalker  
  123  11:06  Stalker x2  
  129  11:12  Protoss Ground Weapons Level 3 (Chrono Boost)  
  129  11:23  Protoss Ground Armor Level 3 (Chrono Boost)  
  115  11:33  Adept x3  
  115  11:39  Adept  
  123  11:40  Adept  
  111  11:59  Stalker x2  
  111  12:00  Stalker x3  
  111  12:01  Disruptor (Chrono Boost)  
  116  12:30  Nexus  
  116  12:32  Pylon  
  116  12:33  Dark Shrine  
  116  12:36  Resonating Glaives (Chrono Boost)  
  116  12:42  Stalker  
  118  12:49  Disruptor, Stalker x2  
  125  13:06  Stalker x2  
  127  13:13  Adept x2  
  131  13:21  Adept x2  
  135  13:33  Disruptor, Adept x3  
  134  13:48  Adept x3  
  118  14:01  Dark Templar x2  
  122  14:05  Disruptor  
  122  14:10  Adept  
  122  14:11  Adept  
  120  14:27  Stalker x2  
  122  14:32  Stalker x2  
  122  14:36  Disruptor  
  126  14:40  Stalker x2  
  117  14:55  Adept  
  117  14:56  Adept x3  
  113  15:07  Disruptor  
  113  15:12  Adept x2  
  120  15:18  Adept x4  
  96  15:38  Disruptor  
  96  15:46  Probe  
  96  15:48  Stalker x5  
  96  15:49  Stalker  
  107  16:09  Disruptor  
  104  16:21  Protoss Shields Level 1  
  104  16:29  Nexus, Stalker x2  
  104  16:30  Stalker x2  
  104  16:32  Pylon  
  110  16:40  Adept  
  110  16:41  Disruptor, Adept  
  117  16:57  Adept x3  
  123  17:05  Zealot  
  120  17:19  Adept x4  
  120  17:20  Adept  
  96  17:38  Disruptor  
  96  17:39  Adept  
  96  17:40  Adept x5  
  107  17:53  Charge (Chrono Boost)  
  107  18:05  Adept x3  
  111  18:06  Adept x3  
  111  18:09  Disruptor  
  118  18:26  Adept x4  
  118  18:27  Adept x2  
  126  18:41  Pylon  
  126  18:48  Assimilator  
  126  18:49  Stalker x5  
  126  18:52  Assimilator  
  136  19:10  Adept  
  136  19:15  Probe  
  138  19:17  Stalker x2  
  138  19:18  Stalker  
  139  19:27  Adept x2  
  133  19:32  Adept  
  133  19:35  Disruptor  
  128  19:43  Adept x2  
  135  19:47  Assimilator  
  135  19:50  Assimilator  
  133  20:11  Stalker x4  
  133  20:12  Stalker x2  
  133  20:27  Disruptor  
  125  20:34  Stalker  
  125  20:35  Stalker x3  
  124  21:00  Stalker x5  
  124  21:03  Nexus  
  134  21:06  Pylon  
  134  21:08  Stalker  
  136  21:17  Pylon  
  136  21:23  Stalker x2  
  136  21:24  Stalker x2  
  144  21:38  Disruptor  
  119  21:56  Stalker x4  
  126  22:06  Dark Templar  
Tags
 
Add a new tag
Caveats
  • Supply blocks, unpowered buildings, or Contaminate may cause inaccurate times.
  • Supply counts are checked every 10 seconds.